 Dungeon Crawl Stone Soup version 0.20.0-15-g7f486f2 (webtiles) character file.

249 Mellonil the Skirmisher (level 6, 56/56 HPs)
             Began as a Hill Orc Berserker on June 17, 2017.
             Was a Priest of Trog.
             Quit the game on level 3 of the Dungeon.
             The game lasted 00:15:41 (3924 turns).

Mellonil the Skirmisher (Hill Orc Berserker)        Turns: 3924, Time: 00:15:42

Health: 56/56      AC:  3    Str: 22    XL:     6   Next: 12%
Magic:  6/6        EV: 11    Int:  7    God:    Trog [***...]
Gold:   133        SH:  4    Dex: 10    Spells: 5/5 levels left

rFire    . . .     SeeInvis .   a - +0 hand axe
rCold    . . .     Gourm    .   i - +0 buckler
rNeg     . . .     Faith    .   s - +0 leather armour
rPois    .         Spirit   .   (no helmet)
rElec    .         Reflect  .   (no cloak)
rCorr    .         Harm     .   (no gloves)
MR       .....                  (no boots)
Stlth    +.........             (no amulet)
Regen    0.2/turn               (no ring)
MPRegen  0.1/turn               (no ring)

@: no status effects
A: no striking features
a: Berserk, Trog's Hand, Burn Spellbooks, Renounce Religion


You were on level 3 of the Dungeon.
You worshipped Trog.
Trog was most pleased with you.
You were not hungry.

You visited 1 branch of the dungeon, and saw 3 of its levels.

You collected 133 gold pieces.

Inventory:

Hand Weapons
 a - a +0 hand axe (weapon)
Missiles
 v - a tomahawk (quivered)
Armour
 i - a +0 buckler (worn)
 s - a +0 leather armour (worn)
Jewellery
 q - a +6 amulet of reflection {unknown}
Scrolls
 g - a scroll of enchant armour {unknown}
 h - 5 scrolls of identify {unknown}
 k - a scroll of remove curse {unknown}
 l - a scroll of teleportation {unknown}
 o - a scroll of fear {unknown}
 t - a scroll of random uselessness {unknown}
Potions
 d - a potion of curing
 e - 3 potions of agility {unknown}
 f - a potion of might {unknown}
 j - a potion of heal wounds {unknown}
 m - 2 potions of flight {unknown}
 n - a potion of haste {unknown}
 p - 2 potions of brilliance {unknown}
 r - a potion of lignification {unknown}
Comestibles
 b - a meat ration
 c - a bread ration
 u - 2 chunks of flesh


   Skills:
 * Level 5.0 Fighting
 + Level 5.0 Axes
 * Level 4.4 Armour
 - Level 1.5 Dodging
 * Level 2.9 Shields


You had 5 spell levels left.
You didn't know any spells.

Dungeon Overview and Level Annotations

Branches:
Dungeon (3/15)

Altars:
Ashenzari
Elyvilon
Nemelex Xobeh
Sif Muna


Message History

The hobgoblin is moderately wounded.
The hobgoblin hits you with a club.
You slash the hobgoblin!
You kill the hobgoblin!
Trog accepts your kill.
You start resting.
HP restored.
Things that are here:
a club; a hobgoblin corpse
p - 2 coppery potions (gained 1)
Found a stone staircase leading down.
v - a tomahawk
Found a stone staircase leading up. 2 gnolls come into view.
A gnoll is wielding a spear of flaming.
The gnoll shouts!
A gnoll comes into view.
Welcome back, Mellonil the Hill Orc Berserker.
Trog says: Kill them all!
Press ? for a list of commands and other information.
Are you sure you want to abandon this character and quit the game? (Confirm with "yes".)

.........# #.......#
.........# #.......#
........## #.......#
.........####.......#
...........[).#####.#
..............# [..
..............# ...#
....[.........###.....#
..>..........@.....g.
#...(.........###..g.
##############


g You could see 3 gnolls.

Vanquished Creatures
  An orc priest (D:3)
  An orc wizard (D:3)
  A worker ant (D:3)
  A hound skeleton (D:3)
  7 adders
  An ooze (D:2)
  5 worms
  A dart slug (D:2)
  A leopard gecko (D:1)
  An orc (D:3)
  A ball python (D:1)
  10 bats
  A giant cockroach (D:1)
  10 hobgoblins
  3 jackals (D:1)
  4 kobolds (D:2)
  A quokka (D:2)
  6 frilled lizards
  11 goblins
  10 rats
77 creatures vanquished.

Notes
Turn   | Place    | Note
-------+----------+-------------------------------------------
     0 | D:1      | Mellonil the Hill Orc Berserker began the quest for the Orb.
     0 | D:1      | Reached XP level 1. HP: 19/19 MP: 1/1
   218 | D:1      | Reached XP level 2. HP: 18/27 MP: 2/2
   956 | D:1      | Reached XP level 3. HP: 30/33 MP: 3/3
  1504 | D:2      | Reached ** piety under Trog
  1578 | D:2      | Reached skill level 1 in Shields
  1788 | D:2      | Reached XP level 4. HP: 38/40 MP: 4/4
  2547 | D:3      | Reached XP level 5. HP: 15/47 MP: 5/5
  2915 | D:3      | Reached *** piety under Trog
  2970 | D:3      | Found a sparkling altar of Nemelex Xobeh.
  2973 | D:3      | Found a deep blue altar of Sif Muna.
  2976 | D:3      | Found a white marble altar of Elyvilon.
  3347 | D:3      | Found a shattered altar of Ashenzari.
  3724 | D:3      | Reached skill level 5 in Fighting
  3724 | D:3      | Reached skill level 5 in Axes
  3724 | D:3      | Reached XP level 6. HP: 26/56 MP: 6/6
  3924 | D:3      | Quit the game

Skill      XL: |  1  2  3  4  5 |
---------------+----------------+-----
Armour         | 3 4 |  4.4
Fighting       | 4 5 |  5.0
Shields        | 1 2 |  2.9
Axes           | 5 |  5.0
Dodging        | |  1.5

Action                   |  1- 3 |  4- 6 || total
-------------------------+-------+-------++-------
Melee: Hand axe          |   112 |   208 ||   320
Throw: Tomahawk          |     2 |     5 ||     7
Invok: Burn Spellbooks   |       |     1 ||     1
  Use: Potion            |     1 |     2 ||     3
 Stab: Sleeping          |       |     1 ||     1
  Eat: Chunk             |     3 |     7 ||    10
Armor: Animal skin       |    17 |     1 ||    18
       Leather armour    |       |    25 ||    25
Dodge: Dodged            |    70 |   102 ||   172
Block: Buckler           |     4 |    32 ||    36
